 Dungeon Crawl Stone Soup version 0.18-a0-1572-g0a86841 (webtiles) character file.

531 M4edhros the Spear-Bearer (level 7, 0/47 HPs)
             Began as an Octopode Chaos Knight on Mar 15, 2016.
             Succumbed to an orc wizard's poison
             ... on level 5 of the Dungeon.
             The game lasted 00:05:52 (4302 turns).

M4edhros the Spear-Bearer (Octopode Chaos Knight)   Turns: 4302, Time: 00:05:52

Health: 0/47       AC:  2    Str:  9 (12) XL:     7   Next: 24%
Magic:  7/7        EV: 12    Int: 14      God:    Xom [....*.]
Gold:   161        SH:  0    Dex: 11 (13) Spells: 0 memorised, 6 levels left

rFire  . . .     SeeInvis .     a - +0 spear (chaos)
rCold  + . .     Gourm    .     (no shield)
rNeg   . . .     Faith    .     (helmet restricted)
rPois  .         Spirit   .     (no amulet)
rElec  .         Dismiss  .     (no ring)
rCorr  .         Reflect  .     (no ring)
SustAt .         Harm     .     (no ring)
MR     .....                    (no ring)
Stlth  ++........               (no ring)
                                (no ring)
                                (no ring)
                                (no ring)

@: lethally poisoned (0 -> -5), not resistant to hostile enchantments,
unstealthy
A: almost no armour, amphibious, 8 rings, constrict 8, antennae 1, rugged brown
scales 1, camouflage 1, cold resistance 1, wild magic 1, gelatinous body 1
a: Renounce Religion


You were on level 5 of the Dungeon.
You worshipped Xom.
You were a beloved toy of Xom.
You were very hungry.

You visited 1 branch of the dungeon, and saw 5 of its levels.

You collected 161 gold pieces.

Inventory:

Hand Weapons
 a - a +0 spear of chaos (weapon)
Missiles
 t - a throwing net (quivered)
Wands
 q - a wand of paralysis (0/24)
Scrolls
 e - 5 scrolls of identify {unknown}
 f - 4 scrolls of random uselessness {unknown}
 g - 3 scrolls of enchant weapon {unknown}
 i - 3 scrolls of remove curse {unknown}
 m - a scroll of blinking {unknown}
 p - a scroll of magic mapping {unknown}
 r - 3 scrolls of noise {unknown}
Potions
 k - a potion of degeneration
Comestibles
 b - 2 bread rations
 l - 2 meat rations


   Skills:
 - Level 3.0 Fighting
 + Level 8.1 Polearms
 - Level 2.3 Dodging


You had 6 spell levels left.
You didn't know any spells.

Dungeon Overview and Level Annotations

Branches:
Dungeon (5/15)
 Temple: D:4-7

Altars:
Elyvilon
Nemelex Xobeh
Sif Muna

Annotations:
Abyss:1 Natasha


Innate Abilities, Weirdness & Mutations

You cannot wear most types of armour.
You are amphibious.
You can wear up to eight rings at the same time.
You can use your tentacles to constrict eight enemies at once.
Your skin changes colour to match your surroundings (Stealth).
Your rubbery body absorbs attacks (AC +1).
You have a pair of small antennae on your head.
You are partially covered in rugged brown scales (AC +1, +3% HP).
Your flesh is cold resistant.
Your spells are a little harder to cast, but a little more powerful.


Message History

You feel sick.
You feel sick.
You feel sick.
You feel sick.
You feel sick.
Evoke which item? (* to show all) (? for menu, Esc to quit)
Okay, then.
Drink which item? (? for menu, Esc to quit)
Okay, then.
Read which item? (? for menu, Esc to quit)
Okay, then.
You feel sick.
The orc hits you from afar with a trident!
* * * LOW HITPOINT WARNING * * *
* * * LOW HITPOINT WARNING * * *
You feel sick.
* * * LOW HITPOINT WARNING * * *
You feel sick.
You die...
Xom laughs nastily!

###.###########
###.###########
..##.....###.###########
####...la###.....#######
################.#######
##.......#######.#######
##.#####.#######.#######
##(#####.#######@#######
....).##.#######.#######
##:##.)....#####.#######
##.##.##.#<#####o#######
##..........oo...#######
#####...##.#############
#####.####.#############
#####......#############
########################


You could see 3 orcs.

Vanquished Creatures
  Sigmund (D:2)
  Blork the orc (D:4)
  3 orc wizards
  A worker ant (D:5)
  Robin (D:3)
  2 gnolls (D:4)
  3 adders (D:3)
  A river rat (D:2)
  An ooze (D:3)
  2 worms
  4 dart slugs
  5 giant geckos
  7 orcs
  6 giant cockroaches
  17 goblins
  8 hobgoblins
  9 jackals
  7 kobolds
  3 quokkas
  2 ball pythons
  7 bats
  A giant newt (D:2)
  8 rats
100 creatures vanquished.

Vanquished Creatures (others)
  2 jackals (D:2)
2 creatures vanquished.

Grand Total: 102 creatures vanquished

Notes
Turn   | Place    | Note
--------------------------------------------------------------
     0 | D:1      | M4edhros the Octopode Chaos Knight began the quest for the Orb.
     0 | D:1      | Reached XP level 1. HP: 16/16 MP: 1/1
    68 | D:1      | Reached XP level 2. HP: 21/21 MP: 2/2
   275 | D:1      | Reached skill level 4 in Polearms
   487 | D:1      | XOM: harmless Erth miscast
   505 | D:1      | Reached XP level 3. HP: 26/26 MP: 3/3
  1043 | D:1      | XOM is BORED!
  1043 | D:1      | XOM: noise
  1123 | D:1      | XOM: noise
  1475 | D:1      | XOM: confuse monster(s)
  1505 | D:2      | Noticed Sigmund
  1534 | D:2      | XOM: potion effect (agility)
  1541 | D:2      | XOM: destruction
  1542 | D:2      | Killed Sigmund
  1542 | D:2      | Reached skill level 6 in Polearms
  1542 | D:2      | Reached XP level 4. HP: 16/31 MP: 4/4
  1542 | D:2      | Reached XP level 5. HP: 18/36 MP: 5/5
  1640 | D:2      | XOM: silly message
  1717 | D:2      | XOM: mild Erth miscast
  1973 | D:2      | XOM: mild Fire miscast
  2063 | D:2      | XOM: harmless Hex miscast
  2181 | D:3      | Reached XP level 6. HP: 36/42 MP: 6/6
  2192 | D:3      | XOM: noise
  2227 | D:3      | Noticed Robin
  2234 | D:3      | XOM: confuse monster(s)
  2305 | D:2      | XOM: polymorph rat -> river rat
  2423 | D:3      | Killed Robin
  2575 | D:3      | Reached skill level 7 in Polearms
  2601 | D:3      | XOM: summons 4 hostile shadow creatures
  2659 | D:3      | XOM: scenery: 1 doors open
  2665 | D:3      | XOM: smoke on damage
  3103 | D:3      | Noticed Natasha
  3111 | D:3      | XOM: butterfly on damage
  3113 | D:3      | Banished Natasha
  3284 | D:3      | Found a sparkling altar of Nemelex Xobeh.
  3432 | D:4      | Found a deep blue altar of Sif Muna.
  3632 | D:4      | Found a white marble altar of Elyvilon.
  3660 | D:4      | Noticed Blork the orc
  3672 | D:4      | Killed Blork the orc
  3672 | D:4      | Reached XP level 7. HP: 21/46 MP: 7/7
  3802 | D:4      | XOM: harmless Fire miscast
  4040 | D:4      | XOM: summons 4 hostile shadow creatures
  4086 | D:5      | Entered Level 5 of the Dungeon
  4094 | D:5      | Reached skill level 8 in Polearms
  4127 | D:5      | XOM: vitrification
  4143 | D:5      | XOM: cast spell 'Ice Form'
  4195 | D:5      | XOM: give mutations
  4195 | D:5      | Gained mutation: Your flesh is cold resistant. [Xom's grace]
  4195 | D:5      | Gained mutation: You are partially covered in rugged brown scales (AC +1, +3% HP). [Xom's grace]
  4195 | D:5      | Gained mutation: You have a pair of small antennae on your head. [Xom's grace]
  4195 | D:5      | Gained mutation: Your spells are a little harder to cast, but a little more powerful. [Xom's grace]
  4298 | D:5      | HP: 2/47 [orc/trident (7)]
  4302 | D:5      | Succumbed to an orc wizard's poison

Vault maps used:
D:1:      evilmike_arrival_crescent
D:2:      first_bread, uniq_sigmund
D:3:      nemelex_dance_club_becter, uniq_natasha, uniq_robin
D:4:      elyvilon_altar_3, tgw_sif, uniq_blork_the_orc
D:5:      uniq_grinder, uniq_duvessa, uniq_pikel, uniq_eustachio

Skill      XL: |  1  2  3  4  5  6  7 |
---------------+----------------------+-----
Polearms       | 4 6 7 8 |  8.1
Fighting       | |  3.0
Dodging        | |  2.3

Action                   |  1- 3 |  4- 6 |  7- 9 || total
-------------------------+-------+-------+-------++-------
Melee: Spear             |    76 |   199 |    34 ||   309
Evoke: Wand              |       |       |     4 ||     4
  Use: Potion            |     1 |     4 |     6 ||    11
 Stab: Sleeping          |     6 |    14 |       ||    20
       Confused          |     2 |     1 |       ||     3
       Distracted        |       |     1 |       ||     1
       Invisible         |       |     1 |       ||     1
       Petrifying        |       |     1 |       ||     1
       Paralysed         |       |       |     7 ||     7
  Eat: Chunk             |     2 |     7 |     1 ||    10
